 Dungeon Crawl Stone Soup version 0.28-b1-1-g3c77fb2ed1 (webtiles) character file.

Game seed: 14750879326646640257

54 Descartes the Grasshopper (level 3, -11/16 HPs)
             Began as a Felid Warper on Jan 28, 2022.
             Mangled by an ogre (27 damage)
             ... on level 2 of the Dungeon.
             The game lasted 00:03:05 (2462 turns).

Descartes the Grasshopper (Felid Warper)            Turns: 2462, Time: 00:03:05

Health: -11/16     AC:  1    Str:  9    XL:     3   Next: 66%
Magic:  7/7        EV: 18    Int: 14    God:
Gold:   58         SH:  0    Dex: 15    Spells: 4/6 levels left
                                        Lives:  0   Deaths: 0

rFire   . . .      SeeInvis +     - Unarmed
rCold   . . .      Faith    .   (shield unavailable)
rNeg    . . .      Spirit   .   (armour unavailable)
rPois   .          Reflect  .   (helmet unavailable)
rElec   .          Harm     .   (cloak unavailable)
rCorr   .          Rampage  .   (gloves unavailable)
Will    .....                   (boots unavailable)
Stlth   ++........              (no amulet)
HPRegen 0.05/turn               (no ring)
MPRegen 0.10/turn               (no ring)

@: quick
A: very small, claws 1, fangs 3, see invisible, speed 1, shaggy fur 1, stealthy
paws, no weapons or thrown items, no armour, multi-lived
a: no special abilities


You were on level 2 of the Dungeon.
You visited 1 branch of the dungeon, and saw 2 of its levels.

You collected 58 gold pieces.

Inventory:

Missiles
 h - 3 stones
Jewellery
 g - a +6 ring of dexterity
Scrolls
 a - a scroll of blinking
 c - a scroll of fog {unknown}
 d - a scroll of silence {unknown}
 i - a scroll of vulnerability {unknown}
Potions
 b - 2 potions of degeneration {unknown}
 e - a potion of curing {unknown}
 f - a potion of mutation {unknown}
 j - a potion of ambrosia {unknown}


   Skills:
 - Level 2.0 Fighting
 + Level 3.8 Dodging
 * Level 3.1 Stealth
 + Level 2.4 Unarmed Combat
 - Level 2.0 Spellcasting
 + Level 4.9 Translocations


You had 4 spell levels left.
You knew the following spells:

 Your Spells              Type           Power      Damage    Failure   Level
a - Blink                 Tloc           30%        N/A       4%          2

Your spell library contained the following spells:

 Spells                   Type           Power      Damage    Failure   Level
 Gell's Gravitas          Tloc           15%        N/A       10%         3
 Lesser Beckoning         Tloc           15%        N/A       10%         3
 Teleport Other           Tloc           15%        N/A       10%         3
 Animate Dead             Necr           0%         N/A       93%         4
 Manifold Assault         Tloc           15%        N/A       65%         5
 Haunt                    Necr/Summ      0%         N/A       100%        7
 Infestation              Necr           0%         N/A       100%        8


Dungeon Overview and Level Annotations

Branches:
Dungeon (2/15)

Altars:


Innate Abilities, Weirdness & Mutations

You have sharp claws.
You have razor-sharp teeth.
You have supernaturally acute eyesight. (SInv)
You cover ground quickly. (Speed+)
You are covered in fur. (AC +1)
Your paws help you pounce on unaware monsters.
You are incapable of wielding weapons or throwing items.
You cannot wear armour.
You gain extra lives every three experience levels.


Message History

No target in view!
No target in view!
No target in view!
No target in view!
No target in view!
No target in view!
No target in view!
No target in view!
Welcome back, Descartes the Felid Warper.
Press ? for a list of commands and other information.
A quokka comes into view.
You see here a fuming pink potion.
You pounce on the unaware helpless quokka!
You claw the quokka!
You kill the quokka!
No target in view!
j - a fuming pink potion Memorise Blink, consuming 2 spell levels and leaving 4?
You start memorising the spell.
You continue memorising. x2
You finish memorising.
Spell assigned to 'a'.
Okay, then.
You see here a quokka corpse.
You see here a quokka corpse.
You see here a quokka corpse.
Found a stone staircase leading down.
An ogre comes into view. It is wielding a +0 giant club.
The helpless ogre fails to defend itself.
You claw the ogre!
The ogre is heavily wounded.
The ogre barely misses you.
You scratch the ogre.
The ogre is heavily wounded.
The ogre completely misses you.
You scratch the ogre.
The ogre is severely wounded.
You scratch the ogre. You bite the ogre.
The ogre is severely wounded.
The ogre hits you with a +0 giant club!!
Ouch! That really hurt!
You die...

..###.##........
####.###.###.#.....
#. . ..#.# #.######
#. #.#>#.# #.# #.
#.#.#†###.###### #.
#............... #.
###.#...#######.
#.####.##### ##
#O@....#
...........##
#....#####.# ####
#.# ... #..# ...#
##.#


You could see an ogre.

Vanquished Creatures
  An adder (D:2)
  A dart slug (D:1)
  5 ball pythons (D:1)
  3 endoplasms
  6 giant cockroaches (D:2)
  5 goblins
  5 hobgoblins
  3 kobolds
  4 quokkas
  5 rats
38 creatures vanquished.

Notes
Turn   | Place    | Note
-------+----------+-------------------------------------------
     0 | D:1      | Descartes the Felid Warper began the quest for the Orb.
     0 | D:1      | Reached XP level 1. HP: 9/9 MP: 4/4
   352 | D:1      | Reached skill level 1 in Stealth
   653 | D:1      | Reached XP level 2. HP: 10/13 MP: 6/6
  1866 | D:2      | Reached XP level 3. HP: 15/16 MP: 7/7
  2185 | D:2      | Found a faded altar of an unknown god.
  2419 | D:2      | Learned a level 2 spell: Blink
  2454 | D:2      | Noticed an ogre
  2462 | D:2      | Mangled by an ogre

Illustrated notes

Levels and vault maps discovered:
D:1:      minmay_arrival_four_houses, layout_basic, serial_aquarium,
          aquarium_bridge_square [aquarium_subvault_wall,
          aquarium_subvault_wall, aquarium_subvault_bridge,
          aquarium_subvault_window], aquarium_window_2, aquarium_window_2,
          aquarium_view_2b, aquarium_pool_corner
D:2:      layout_loops_cross, shapermc_ecumenical_altar_mp_vishouse,
          kennysheep_cluttered_room

Skill      XL: |  1  2  3 |
---------------+----------+-----
Stealth        | 1 2 3 |  3.1
Fighting       | |  2.0
Dodging        | |  3.8
Unarmed Combat | |  2.4
Spellcasting   | |  2.0
Translocations | |  4.9

Action                   || total
-------------------------++-------
Melee: Unarmed           ||   134
       Bite              ||    13
       Punch             ||     3
 Stab: Sleeping          ||     4
       Distracted        ||     1
Armor: Skin              ||     3
Dodge: Dodged            ||   104
